 Dungeon Crawl Stone Soup version 0.29.1-2-gbd0b4ee654 (webtiles) character file.

Game seed: 4526487324267944177

4799 bwicke the Grappler (level 10, -22/109 HPs)
             Began as a Troll Gladiator on Oct 25, 2022.
             Was an Elder of Elyvilon.
             Annihilated by an orc warlord
             ... wielding a +3 broad axe
              (24 damage)
             ... in a bailey.
             The game lasted 00:29:24 (6409 turns).

bwicke the Grappler (Troll Gladiator)               Turns: 6409, Time: 00:29:24

Health: -22/109    AC:  8    Str: 34    XL:     10   Next: 24%
Magic:  18/21      EV: 12    Int:  4    God:    Elyvilon [****..]
Gold:   528        SH:  2    Dex: 11    Spells: 9/9 levels left

rFire   . . .      SeeInvis .     - Unarmed
rCold   . . .      Faith    .   (no shield)
rNeg    . . .      Spirit   .   a - +0 robe
rPois   .          Reflect  .   b - +2 hat
rElec   .          Harm     .   (no cloak)
rCorr   .          Rampage  .   (gloves unavailable)
Will    .....                   (boots unavailable)
Stlth   +.........              (no amulet)
HPRegen 1.08/turn               w - +6 ring of strength
MPRegen 0.17/turn               N - ring of the Octopus King {HP+2 MP+9 AC+2 EV+2 SH+2}

@: mighty
A: large, unfitting armour, claws 3, regeneration 1, shaggy fur 1, tough skin 1
a: Renounce Religion, Purification, Heal Other, Heal Self


You were in a bailey.
You worshipped Elyvilon.
Elyvilon was greatly pleased with you.
You visited 2 branches of the dungeon, and saw 10 of its levels.
You also visited: Ossuary and Bailey.

You collected 528 gold pieces.

Inventory:

Hand Weapons
 h - a +1 mace of holy wrath
 k - a +0 sling
 x - a +4 falchion
 C - a +0 quarterstaff
 E - a +2 whip of electrocution
 F - a +2 sling of flaming
 L - the +4 dagger "Qant" {antimagic, *Slow Str+3 Int+4 Dex+3}
   (You found it on level 6 of the Dungeon)

   It reduces the magical energy of the wielder, and disrupts the spells and
   magical abilities of those it strikes.
   Natural abilities and divine invocations are not affected.
   Str:       It affects your strength (+3).
   Int:       It affects your intelligence (+4).
   Dex:       It affects your dexterity (+3).
   *Slow:     It may slow you when you take damage.
 O - a +2 flail of protection
 T - a +4 war axe
Missiles
 c - 3 throwing nets
 d - 3 large rocks (quivered)
 f - 48 poisoned darts
 M - 6 javelins
Armour
 a - a +0 robe (worn)
 b - a +2 hat (worn)
Magical Staves
 j - a staff of conjuration
Jewellery
 w - a +6 ring of strength (left claw)
 B - a ring of ice
 N - a ring of the Octopus King (right claw) {HP+2 MP+9 AC+2 EV+2 SH+2}
   (You took it off an orc on level 6 of the Dungeon)

   [ring of magical power]

   AC:        It affects your AC (+2).
   EV:        It affects your evasion (+2).
   HP:        It affects your health (+2).
   MP:        It affects your magic capacity (+9).
   SH:        It affects your SH (+2).
 R - an amulet of faith
Wands
 J - a wand of flame (27)
 P - a wand of paralysis (14)
Scrolls
 l - a scroll of teleportation
 n - a scroll of blinking {unknown}
 p - 2 scrolls of immolation
 r - a scroll of enchant armour
 s - 3 scrolls of fog
 t - 3 scrolls of fear
 y - a scroll of enchant weapon {unknown}
 A - 3 scrolls of amnesia
 H - 3 scrolls of vulnerability
 K - a scroll of magic mapping
 Q - a scroll of torment {unknown}
Potions
 e - 3 potions of resistance
 g - 2 potions of magic {unknown}
 m - 4 potions of lignification
 o - 3 potions of attraction {unknown}
 q - 4 potions of cancellation
 u - 3 potions of curing
 v - a potion of brilliance
 z - 5 potions of heal wounds {unknown}
 G - 2 potions of mutation
 I - a potion of degeneration {unknown}
 S - a potion of flight {unknown}


   Skills:
 + Level 9.2 Fighting
 - Level 1.8 Throwing
 - Level 2.4 Dodging
 - Level 10.0 Unarmed Combat
 - Level 4.3 Invocations


You had 9 spell levels left.
You didn't know any spells.
Your spell library contained the following spells:

 Spells                   Type           Power      Damage    Failure   Level
 Foxfire                  Conj/Fire      0%         2x1d4     50%         1
 Freeze                   Ice            0%         1d3       50%         1
 Sandblast                Erth           0%         2d4       50%         1
 Passwall                 Tmut/Erth      0%         N/A       65%         2
 Conjure Flame            Conj/Fire      0%         6-21      86%         3
 Frozen Ramparts          Ice            0%         1d1       86%         3
 Inner Flame              Hex/Fire       0%         N/A       86%         3
 Portal Projectile        Hex/Tloc       0%         N/A       86%         3
 Stone Arrow              Conj/Erth      0%         3d7       86%         3
 Tukima's Dance           Hex            0%         N/A       86%         3
 Flame Wave               Conj/Fire      0%         2d4       99%         4
 Hailstorm                Conj/Ice       0%         3d3       99%         4
 Blade Hands              Tmut           0%         N/A       100%        5


Dungeon Overview and Level Annotations

Branches:
Dungeon (9/15)             Temple (1/1) D:5         Ossuary (visited)
 Bailey (1/1)
   Lair: D:8-11         Orc: D:9-12

Altars:
Cheibriados
Dithmenos
Elyvilon
Fedhas
Gozag
Hepliaklqana
Kikubaaqudgha
Makhleb
Nemelex Xobeh
Okawaru
Qazlal
Ru
Sif Muna
Trog
Uskayaw
Vehumet
Wu Jian
Xom
Yredelemnul
Zin
The Shining One


Innate Abilities, Weirdness & Mutations

You are too large for most types of armour.
You have claws for hands.
Your natural rate of healing is unusually fast.
You are covered in fur. (AC +1)
You have tough skin. (AC +1)


Message History

Your gnoll hits the orc warlord from afar with a +0 spear.
Your gnoll hits the orc warrior with a +0 spear.
Something barely misses your gnoll.
You claw the orc warlord!
You claw the orc warlord, but do no damage.
The orc warlord is heavily wounded.
Your gnoll closely misses the orc warrior.
Your gnoll hits the gnoll but does no damage.
You scratch the orc warlord but do no damage.
The orc warlord is heavily wounded.
The orc warlord hits you with a +3 broad axe!
Your gnoll closely misses the goblin.
You claw the orc warlord!
The orc warlord is heavily wounded.
You block the orc warlord's attack. Something hits your gnoll!!
Your gnoll dies!
Your gnoll's corpse dissolves into shadows!
Something hits your gnoll! Elyvilon protects your gnoll from harm!
Okay, then.
You feel very mighty all of a sudden.
The orc warrior hits you with a +0 war axe!
* * * LOW HITPOINT WARNING * * *
The orc warlord hits you with a +3 broad axe!!
* * * LOW HITPOINT WARNING * * *
Unknown command.
You are healed.
The orc warrior hits your gnoll with a +0 war axe!!
Your gnoll dies!
Your gnoll's corpse dissolves into shadows!
The orc warrior hits you with a +0 war axe!
* * * LOW HITPOINT WARNING * * *
The orc warlord hits you with a +3 broad axe!!
Elyvilon protects you from harm!
You mangle the orc warlord!! You claw the orc warlord.
The orc warlord is severely wounded.
The orc warrior hits you with a +0 war axe!
* * * LOW HITPOINT WARNING * * *
The orc warlord hits you with a +3 broad axe!!
You die... ..# ......#8..........# ..# ...oo.'o....⌠....∩# ..# ......#8..........# ..# g.go.

#8..........# .### ....
###.........## ##.###
...###.###oo...###
.....###.###.....#(#.###
.......###.......o.###
........#.......@og.#
........#........g..#
..⌠.....#.....⌠.....#
.......))..)........#
........#...........#
.......###.........##
.....### ###.....###
##.### ###.### ### ###


You could see an orc warlord, 2 orc warriors, a gnoll, an orc (strong) and a
goblin.

Vanquished Creatures
  A cyclops (D:9)
  Prince Ribbit (D:6)
  Sigmund (D:2)
  A wyvern (D:7)
  A steam dragon (D:6)
  2 water moccasins
  10 orc warriors (Bailey)
  A sky beast (D:8)
  2 ice beasts (D:7)
  A centaur (D:7)
  2 phantoms
  2 kobold brigands
  An elf zombie (D:8)
  4 bullfrogs
  4 necrophages
  5 scorpions
  3 wights (D:7)
  4 killer bees (D:7)
  3 jellies (D:5)
  3 orc priests
  2 gnoll boudas
  2 hounds (D:5)
  An iguana (D:4)
  A human skeleton (D:8)
  2 orc wizards (D:7)
  2 mummies
  20 gnolls
  An adder (D:2)
  A white imp (D:5)
  An ufetubus (D:5)
  A worm (D:3)
  2 dart slugs
  14 orcs
  3 spectral bats (Ossuary)
  7 endoplasms
  2 giant cockroaches
  12 gnoll zombies (Ossuary)
  14 goblins
  16 hobgoblins
  9 jackals
  16 kobolds
  3 quokkas
  7 ball pythons
  3 bats (D:3)
  3 bat simulacra (Ossuary)
  4 frilled lizards
  6 goblin simulacra (Ossuary)
  5 goblin zombies (Ossuary)
  3 hobgoblin zombies (Ossuary)
  6 kobold simulacra (Ossuary)
  7 kobold zombies (Ossuary)
  An orc skeleton (D:8)
  6 orc zombies
  6 rats
  3 rat simulacra (Ossuary)
  3 spectral goblins (Ossuary)
  3 spectral kobolds (Ossuary)
  A spectral rat (Ossuary)
251 creatures vanquished.

Notes
Turn   | Place    | Note
-------+----------+-------------------------------------------
     0 | D:1      | bwicke the Troll Gladiator began the quest for the Orb.
     0 | D:1      | Reached XP level 1. HP: 19/19 MP: 0/0
   238 | D:1      | Reached XP level 2. HP: 27/27 MP: 1/1
   930 | D:2      | Reached skill level 4 in Unarmed Combat
  1018 | D:2      | Found a faded altar of an unknown god.
  1031 | D:2      | Reached XP level 3. HP: 33/33 MP: 2/2
  1038 | D:2      | Noticed Sigmund
  1049 | D:2      | Killed Sigmund
  1050 | D:2      | Reached skill level 6 in Unarmed Combat
  1050 | D:2      | Reached XP level 4. HP: 41/41 MP: 3/3
  1050 | D:2      | Reached XP level 5. HP: 48/48 MP: 4/4
  1769 | D:3      | Reached XP level 6. HP: 46/55 MP: 5/5
  2146 | D:4      | Reached skill level 7 in Unarmed Combat
  2148 | D:4      | Found a white marble altar of Elyvilon.
  2155 | D:4      | Became a worshipper of Elyvilon the Healer
  2482 | D:4      | Reached skill level 8 in Unarmed Combat
  2482 | D:4      | Reached XP level 7. HP: 60/62 MP: 6/6
  2673 | D:5      | Entered Level 5 of the Dungeon
  2691 | D:5      | Reached * piety under Elyvilon
  2737 | D:5      | Found a staircase to the Ecumenical Temple.
  2760 | Temple   | Entered the Ecumenical Temple
  2769 | Temple   | Reached skill level 9 in Unarmed Combat
  3021 | D:5      | Reached XP level 8. HP: 70/70 MP: 7/7
  3024 | D:5      | Reached skill level 10 in Unarmed Combat
  3370 | D:6      | Noticed Prince Ribbit
  3377 | D:6      | Found the ring of the Octopus King {HP+2 MP+9 AC+2 EV+2
                  | SH+2}
  3403 | D:6      | Reached ** piety under Elyvilon
  3464 | D:6      | Killed Prince Ribbit
  3497 | D:6      | Identified the +4 dagger "Qant" {antimagic, *Slow Str+3
                  | Int+4 Dex+3}
  3919 | D:7      | Reached skill level 5 in Fighting
  4117 | D:7      | Reached XP level 9. HP: 89/89 MP: 8/8
  4413 | D:7      | Reached *** piety under Elyvilon
  4767 | D:8      | Found an ornate altar of the Wu Jian Council.
  4823 | D:8      | Found a blossoming altar of Fedhas.
  4877 | D:8      | Found a sand-covered staircase.
  4922 | Ossuary  | Entered an ossuary
  5230 | Ossuary  | Reached skill level 1 in Invocations
  5469 | D:8      | Found a snail-covered altar of Cheibriados.
  5709 | D:8      | Identified the +4 ring mail of Youthful Indiscretion
                  | {Int+7}
  5942 | D:8      | Reached **** piety under Elyvilon
  6048 | D:9      | Noticed a cyclops
  6055 | D:9      | Killed a cyclops
  6075 | D:9      | Found a flagged portal.
  6080 | Bailey   | Entered a bailey
  6173 | Bailey   | Reached XP level 10. HP: 88/104 MP: 12/12
  6380 | Bailey   | Noticed an orc warlord
  6407 | Bailey   | HP: 3/109 [orc warlord/+3 broad axe (24)]
  6408 | Bailey   | Elyvilon protects you from harm!
  6409 | Bailey   | Annihilated by an orc warlord

Illustrated notes

Levels and vault maps discovered:
D:1:      minmay_arrival_stair_chambers, layout_basic
D:2:      layout_rooms, dreamdust_ecumenical_altar_grove,
          nicolae_elevator_lobby_plus, uniq_sigmund
D:3:      layout_basic
D:4:      layout_cave_pools, mainiacjoe_overflow_small_starburst,
          serial_bayou_lagoon_a, grunt_ministairs_14, chequers_decorated_corner
D:5:      layout_basic, minmay_temple_entry_steel_oval, grunt_ministairs_4,
          minmay_stone_trees_small, serial_bayou_pond_a
D:6:      layout_cave_pools, uniq_prince_ribbit1
D:7:      layout_loops_ring, dreamdust_princess_bridge,
          hangedman_decor_clover_reticule, patterned_corridor
D:8:      layout_basic, fedhas_altar_1, slow_altar_1,
          nicolae_wu_jian_immortal_techniques, nicolae_ossuary_entry_catacombs
D:9:      layout_gridville, gammafunk_ghost_nasty_kobolds, enter_bailey_3,
          uniq_erica
Temple:   sentei_temple_godly_chess
Bailey:   bailey_axe_minmay_hex_keep, bailey

Skill      XL: |  1  2  3  4  5  6  7  8  9 10 |
---------------+-------------------------------+-----
Unarmed Combat | 4 6 8 9 10 | 10.0
Fighting       | 5 8 9 |  9.2
Invocations    | 4 |  4.3
Throwing       | |  1.8
Dodging        | |  2.4

Action                   |  1- 3 |  4- 6 |  7- 9 | 10-12 || total
-------------------------+-------+-------+-------+-------++-------
Melee: Unarmed           |    72 |    82 |   323 |    73 ||   550
       Punch             |     1 |     1 |    21 |     4 ||    27
Throw: Throwing net      |     1 |       |       |       ||     1
       Large rock        |       |       |     6 |     5 ||    11
Invok: Heal Self         |       |       |       |     2 ||     2
  Use: Scroll            |       |     6 |    12 |     1 ||    19
       Potion            |       |       |     1 |     1 ||     2
 Stab: Held in net/web   |     1 |       |       |       ||     1
       Sleeping          |       |     3 |     2 |       ||     5
Armor: Robe              |    16 |    19 |    54 |     5 ||    94
Dodge: Dodged            |    36 |    29 |   119 |    18 ||   202
Block: Other             |       |       |     9 |     3 ||    12
